AoeStats
← Long John Silver

Black Forest

509151152Analyzed
4v4 RM · 6d ago on Sep 25, 2026· 17m 47s· 8 players
Game mode
Random Map
Map size
Large (8 player)
Population
200
Speed
Normal
Resources
Standard
Victory
Conquest
Starting age
Dark Age
Ending age
Imperial Age
RankedLock teamsTeams togetherTeam positionsShared explorationLock speedFull tech treeHidden civsTurbo modeCheats
Victory
Defeat
🇧🇷 Slavs · Brazil
1557
+14
🇨🇳 Persians · China
1538
+15
🇺🇸 Celts · United States
1533
+15
🇨🇳 Koreans · China
1498
+16
1524
-15
🇩🇪 Inca · Germany
1509
-15
🇩🇪 Mongols · Germany
1505
-15
🇩🇪 Burgundians · Germany
1505
-15
pawnsacrifice
5:31 Double-Bit Axe
7:07 Loom
11:51 Feudal Age
15:32 Castle Age
13:57 Bow Saw
13:38 Horse Collar
14:28 Heavy Plow
15:09 Gold Mining
15:41 Stone Mining
Laljia
11:33 Feudal Age
15:23 Castle Age
14:13 Double-Bit Axe
15:15 Loom
Long John Silver
10:56 Feudal Age
15:07 Castle Age
13:12 Double-Bit Axe
13:30 Fishing Lines
16:49 Scale Mail Armor
DetectiveYemitoShumafuk
2:25 Loom
Alt+F4 | Popo
1:39 Loom
15:50 Feudal Age
李雾月
11:25 Feudal Age
11:51 Fishing Lines
12:16 Double-Bit Axe
Sorrateiro
6:16 Loom
13:29 Feudal Age
14:23 Fishing Lines
17:02 Castle Age
14:56 Double-Bit Axe
15:17 Gold Mining
17:57 Scale Barding Armor
chenst2020
0:52 Loom
11:46 Feudal Age
14:36 Forging
14:34 Scale Barding Armor
14:57 Double-Bit Axe
Connection lost

Rejoining the realm…

Still unreachable

The connection could not be restored.

Session expired

The server has moved on; the page needs a fresh start.